 Dungeon Crawl Stone Soup version 0.31-a0-636-ge1c0e020e0 (webtiles) character file.

Game seed: 13401689407652397827

436 thirtiethelement the Chopper (level 6, -4/48 HPs)
             Began as a Demonspawn Fighter on Aug 27, 2023.
             Slain by an orc priest
             ... wielding a +0 dagger
              (5 damage)
             ... on level 4 of the Dungeon.
             The game lasted 00:04:37 (2821 turns).

thirtiethelement the Chopper (Demonspawn Fighter)   Turns: 2821, Time: 00:04:37

Health: -4/48      AC:  9    Str: 18    XL:     6   Next: 69%
Magic:  6/6        EV:  7    Int: 10    God:
Gold:   136        SH:  0    Dex: 14    Spells: 5/5 levels left

rFire   . . .        a - +0 war axe
rCold   . . .        c - +0 buckler
rNeg    . . .        g - +0 chain mail
rPois   .            (no helmet)
rElec   .            (no cloak)
rCorr   .            (no gloves)
SInv    .            (no boots)
Will    .....        (no amulet) Stlth
                     (no ring)
HPRegen 0.28/turn    (no ring)
MPRegen 0.10/turn

%: no passive effects
@: confused
A: thin skeletal structure 1, demonic magic 1
a: no special abilities


You were on level 4 of the Dungeon.
You visited 1 branch of the dungeon, and saw 4 of its levels.
You also visited: Sewer.

You collected 136 gold pieces.

Inventory:

Hand Weapons
 a - a +0 war axe (weapon)
Armour
 c - a +0 buckler (worn)
 g - a +0 chain mail (worn)
Jewellery
 l - a +6 ring of strength
Wands
 i - a wand of quicksilver (7)
 k - a wand of flame (29) (quivered)
 m - a wand of charming (1)
Scrolls
 f - a scroll of poison
 h - 2 scrolls of identify
 j - a scroll of vulnerability
 n - a scroll of fear
Potions
 b - a potion of brilliance
 d - 2 potions of might
 e - 2 potions of ambrosia
 p - a potion of haste


   Skills:
 + Level 4.1 Fighting
 + Level 4.6 Axes
 + Level 3.9 Armour
 + Level 0.9 Dodging
 + Level 0.1 Stealth
 + Level 3.3 Shields
 + Level 0.4 Evocations


You had 5 spell levels left.
You didn't know any spells.
Your spell library was empty.

Dungeon Overview and Level Annotations

Branches:
Dungeon (4/15)              Sewer (visited)
 Temple: D:4-7

Altars:

Shops:
D:3 [

Annotations:
D:4 Menkaure, Pargi


Innate Abilities, Weirdness & Mutations

You have a somewhat thin skeletal structure. (Dex +2, Stealth+)
Spells you cast may paralyse adjacent enemies.


Message History

You closely miss Menkaure. The orc hits you but does no damage.
The orc wizard hits you but does no damage.
Menkaure hits you but does no damage.
You slash the orc!
You kill the orc!
You slash the orc wizard! You hit Menkaure.
The orc wizard gestures at you while chanting.
You are confused.
Menkaure hits you but does no damage.
Unknown command.
You hit Menkaure.
Menkaure is severely damaged.
You miss the orc priest. You hit the orc wizard. You closely miss the orc.
The orc barely misses you. The orc priest barely misses you.
The orc wizard closely misses you.
Menkaure mumbles some strange words.
Menkaure seems to speed up.
The orc hits you but does no damage.
The orc wizard hits you but does no damage.
The orc priest hits you with a +0 dagger.
* * * LOW HITPOINT WARNING * * *
You closely miss Menkaure.
Menkaure is severely damaged.
You barely miss the orc. You barely miss the orc priest.
You hit the orc wizard.
You kill the orc wizard!
Menkaure calls on the powers of darkness!
The orc convulses!
The orc priest convulses!
Pargi convulses!
Your body is wracked with pain!
* * * LOW HITPOINT WARNING * * *
The endoplasm convulses!
The orc convulses!
The orc hits you with a +0 dagger of flaming.
* * * LOW HITPOINT WARNING * * *
The orc burns you.
* * * LOW HITPOINT WARNING * * *
You bump into the rock wall.
Menkaure closely misses you. The orc hits you but does no damage.
Pargi bites you.
* * * LOW HITPOINT WARNING * * *
Pargi claws you but does no damage. x2
The orc priest hits you with a +0 dagger.
You die...

.# #..# #.# # ..
.... #..# #.####
. !.... #..#
#.#... ..... #..#
#.#.##
.....#+#######..#
#.#.#
............##..#
#.#.#
......oJ....##..#
#.#.##
.)....TMo...##..#
#.#... #o@# #..#
#.#### ##.# #..#
#.# #.# #..# #.#
#.## #..# #.#
#..# #..# #.#
#....#
########.#####..#
#.# #.)..#
#..%...#....##..#
#.# #....#
#......####.##..#
#.# #....#
#......# #.##..#
#.#


You could see Pargi, Menkaure (fast), an orc priest, 2 orcs and an endoplasm.

Vanquished Creatures
  A water moccasin (Sewer)
  A phantom (D:4)
  4 hounds (D:4)
  An orc wizard (D:4)
  An iguana (D:4)
  3 adders
  2 worms (D:4)
  2 dart slugs
  An orc (D:4)
  6 ball pythons
  5 endoplasms
  3 giant cockroaches
  4 goblins
  6 hobgoblins
  2 jackals (Sewer)
  5 kobolds
  2 quokkas
  2 bats
  4 frilled lizards
  8 rats
63 creatures vanquished.

Notes
Turn   | Place    | Note
-------+----------+-------------------------------------------
     0 | D:1      | thirtiethelement the Demonspawn Fighter began the quest for
                  | the Orb.
     0 | D:1      | Reached XP level 1. HP: 18/18 MP: 1/1
   193 | D:1      | Gained mutation: Spells you cast may paralyse adjacent
                  | enemies. [demonic ancestry]
   193 | D:1      | Reached XP level 2. HP: 24/24 MP: 2/2
   751 | D:2      | Reached XP level 3. HP: 29/29 MP: 3/3
  1442 | D:3      | Found Noes's Antique Armour Shoppe.
  1475 | D:3      | Reached XP level 4. HP: 35/35 MP: 4/4
  1495 | D:3      | You fall into a shaft and drop 1 floor!
  1555 | D:4      | Noticed a phantom
  1564 | D:4      | Found a glowing drain.
  1591 | D:4      | Killed a phantom
  1592 | D:4      | Reached XP level 5. HP: 13/42 MP: 5/5
  1596 | Sewer    | Entered a sewer
  1748 | Sewer    | Noticed a water moccasin
  1759 | Sewer    | Killed a water moccasin
  2111 | D:4      | Gained mutation: You have a somewhat thin skeletal
                  | structure. (Dex +2, Stealth+) [demonic ancestry]
  2111 | D:4      | Reached XP level 6. HP: 47/48 MP: 6/6
  2809 | D:4      | Noticed Menkaure
  2811 | D:4      | Noticed Pargi
  2821 | D:4      | HP: 1/48 [Pargi (2)]
  2821 | D:4      | Slain by an orc priest

Illustrated notes

Levels and vault maps discovered:
D:1:      erik_arrival_cave_to_civilisation [erik_arrival_cave_to_hall],
          layout_basic
D:2:      layout_basic, serial_forest, infiniplex_forest_zigzag_1,
          infiniplex_forest_straight_2, infiniplex_forest_end_3,
          infiniplex_forest_clump_curved, infiniplex_forest_clump_cross,
          infiniplex_forest_lined_3, infiniplex_forest_straight_2,
          infiniplex_forest_straight_4, infiniplex_forest_lined_1,
          minmay_misc_feat_rows
D:3:      kb_forest_paths, layout_basic, general_overflow_altar, serial_shops,
          shop, chequers_avenue, st_stairs_3, minmay_checkerbox, uniq_jessica
D:4:      layout_basic, cheibrodos_sewer_entry_drain, uniq_menkaure, uniq_pargi

Skill      XL: |  1  2  3  4  5 |
---------------+----------------+-----
Axes           | 2 3 4 |  4.6
Armour         | 3 |  3.9
Shields        | 3 |  3.3
Fighting       | 4 |  4.1
Dodging        | |  0.9
Stealth        | |  0.1
Evocations     | |  0.4

Action                     |  1- 3 |  4- 6 || total
---------------------------+-------+-------++-------
  Melee: War axe           |   126 |    90 ||   216
  Evoke: Wand              |       |     3 ||     3
    Use: Scroll            |       |     9 ||     9
 Armour: Scale mail        |    29 |       ||    29
         Chain mail        |    52 |    64 ||   116
  Dodge: Dodged            |    52 |    45 ||    97
  Block: Buckler           |    28 |    25 ||    53

Table legend: (Time is in decaauts)
 A = Elapsed time spent in this place.
 B = Non-inter-level travel time spent in this place.
 C = Inter-level travel time spent in this place.
 D = Time resting spent in this place.
 E = Time spent auto-exploring this place.
 F = Levels seen in this place.
 G = Mean time per level.
                   A        B        C        D        E       F      G
               +--------+--------+--------+--------+--------+-----+--------+
         Total |   2924 |   2839 |     85 |    238 |   1989 |   5 |  584.8 |
       Dungeon |   2441 |   2356 |     85 |      0 |   1802 |   4 |  610.2 |
         Sewer |    482 |    482 |      0 |    238 |    186 |   1 |  482.0 |
               +--------+--------+--------+--------+--------+-----+--------+

Top non-repeatable levels by time:
     D:4: 893 daAuts
     D:1: 750 daAuts
     D:2: 735 daAuts
   Sewer: 482 daAuts
     D:3: 62 daAuts
